Cogmind - Beta 14 @@@ ROGUE MODE // 2024.12.26 @ 18:44:05 Player: TheRealTurtle Result: Destroyed self with YOLO Cannon Performance ------------- Evolutions (0) 0 Regions Visited (4) 800 Robots Destroyed (11) 55 Value Destroyed (324) 324 Prototype IDs (3) 60 Alien Tech Used (0) 0 Bonus (300) 300 TOTAL SCORE: 1539 Bonus ------- Aligned with FarCom 300 Cogmind --------- Core Integrity 0/250 Matter 260/300 Energy 2/100 System Corruption 6% Temperature Cool (0) Movement Walking (190) Ox1 Location -9/Mines Parts ------- > --- POWER (1) -------- (None) > --- PROPULSION (2) --- Aluminum Leg Aluminum Leg > --- UTILITY (2) ------ Small Storage Unit > --- WEAPON (2) ------- YOLO Cannon > --- INVENTORY (8) ---- Aluminum Leg Aluminum Leg Medium Storage Unit High-capacity Matter Pod (160) Small Laser Makeshift Shrapnel Gun Rocket Launcher Peak State ------------ > --- POWER ------------ Light Nuclear Core > --- PROPULSION ------- Aluminum Leg Aluminum Leg > --- UTILITY ---------- Small Storage Unit > --- WEAPON ----------- YOLO Cannon > --- INVENTORY -------- Ion Engine Aluminum Leg Aluminum Leg Medium Storage Unit High-capacity Matter Pod Makeshift Shrapnel Gun [Rating: 26] Favorites ----------- Power Light Nuclear Core Engine Ion Engine Power Core Light Nuclear Core Propulsion Aluminum Leg Treads Light Treads Leg Aluminum Leg Wheel Compact Wheel Utility Small Storage Unit Device Skeleton Box Storage Small Storage Unit Processor Modified TNC Weapon YOLO Cannon Energy Gun Small Laser Energy Cannon YOLO Cannon Ballistic Gun Assault Rifle Launcher Rocket Launcher Build | -11 -10 -10 -10 -9 ------- Run | Yrd Mat Min Exi Min Slots Evolved . | . . . . . Power . | . . . . . Propulsion . | . . . . . Utility . | . . . . . Weapon . | . . . . . Parts Attached 25 | 6 10 4 4 1 Power 4 | 1 2 . 1 . Engine 3 | 1 1 . 1 . Core 1 | . 1 . . . Reactor . | . . . . . Propulsion 9 | 2 4 2 . 1 Treads 2 | . 2 . . . Leg 5 | . 2 2 . 1 Wheel 2 | 2 . . . . Hover . | . . . . . Flight . | . . . . . Utility 5 | 1 2 . 2 . Device 1 | . . . 1 . Storage 3 | 1 2 . . . Processor 1 | . . . 1 . Hackware . | . . . . . Protection . | . . . . . Artifact . | . . . . . Weapon 7 | 2 2 2 1 . Energy Gun 2 | . 1 1 . . Energy Cannon 1 | . . . 1 . Ballistic Gun 3 | 2 1 . . . Ballistic Cannon . | . . . . . Launcher 1 | . . 1 . . Special Weapon . | . . . . . Impact Weapon . | . . . . . Slashing Weapon . | . . . . . Piercing Weapon . | . . . . . Special Melee Weapon . | . . . . . Unidentified Prototypes 3 | . . . 3 . Parts Lost 7 | . 5 . . 2 Power 2 | . 1 . . 1 Propulsion 3 | . 2 . . 1 Utility . | . . . . . Weapon 2 | . 2 . . . Highest Loss Streak 4 | . 4 . . 2 To Critical Strikes . | . . . . . Average Slot Usage (%) 83 | . 89 100 80 68 Engine 7 | . 6 . 9 11 Core 6 | . 7 14 4 . Leg 22 | . 8 28 28 28 Wheel 3 | . 14 . . . Storage 20 | . 23 28 18 14 Energy Gun 4 | . . 14 4 . Energy Cannon 6 | . . . 9 14 Ballistic Gun 6 | . 23 6 . . Launcher 3 | . . 7 4 . Peak Build Rating 26 | 6 9 11 26 25 Average Rating 15 | 3 7 9 20 24 On Entrance 10 | . 6 9 11 25 Naked Turns . | . . . . . Heaviest Build 28 | 12 18 19 28 28 Greatest Support 40 | 32 40 20 20 20 Greatest Overweight (x) 4 | 3 4 . 1 1 Average Overweight (x) . | . . . . 1 Largest Inventory Capacity 8 | 8 8 8 8 8 Average Capacity 7 | 7 8 8 8 8 Most Carried 8 | 8 7 8 8 8 Average Carried 7 | 5 5 7 7 7 Final Capacity 8 | 8 8 8 8 8 Final Carried 8 | 6 6 8 8 7 Class Distribution -------------------- 75% | Mutant 24% | Scavenger-Mutant Dominant Class ---------------- Mutant | -10/Materials Scavenger-Mutant | -10/Mines Mutant | -10/Exiles Mutant | -9/Mines Resources | -11 -10 -10 -10 -9 ----------- Run | Yrd Mat Min Exi Min Matter Collected 699 | 237 383 79 . . Remotely . | . . . . . Salvage Created 472 | . 367 79 . 26 Parts 28 | . 22 6 . . Haulers Intercepted . | . . . . . Recyclers Shooed 1 | . 1 . . . Parts Field Recycled . | . . . . . Retrieved Matter . | . . . . . Parts Self-Destructed . | . . . . . Prevented . | . . . . . Kills | -11 -10 -10 -10 -9 ------- Run | Yrd Mat Min Exi Min Combat Hostiles Destroyed 15 | . 8 2 . 5 Guns 10 | . 8 2 . . AOE 5 | . . . . 5 Classes Destroyed 4 | . 3 . . 1 Recycler 1 | . 1 . . . Swarmer 2 | . 2 . . . Grunt 8 | . 6 2 . . Assembled 5 | . . . . 5 Best Kill Streak 5 | . 5 2 . 5 Combat Bots Only 5 | . 5 2 . 5 Max Kills in Single Turn 3 | . 2 1 . 3 Gunslinging 1 | . 1 . . . Exploded 3 | . . . . 3 Melee . | . . . . . Uniques/NPCs Destroyed . | . . . . . Combat | -11 -10 -10 -10 -9 -------- Run | Yrd Mat Min Exi Min Hostile Shots Fired 133 | . 95 16 . 22 Missed 39 | . 31 3 . 5 Damage Taken 1229 | . 654 192 . 383 Core 253 | . 143 44 . 66 Absorbed by Shields . | . . . . . Core Remaining (%) 100 | 100 . . . . Volleys Fired 41 | . 30 8 . 3 Largest 2 | . 2 2 . 1 Hottest 100 | . 40 60 . 100 Shots Fired 73 | . 54 16 . 3 Gun 70 | . 54 16 . . Cannon 3 | . . . . 3 Launcher . | . . . . . Special . | . . . . . Kinetic 62 | . 54 8 . . Thermal 11 | . . 8 . 3 Explosive . | . . . . . Electromagnetic . | . . . . . Robot Hit Streak 10 | . 10 8 . . Robot Miss Streak 4 | . 4 2 . 3 Penetration Max . | . . . . . Secondary Targets 2 | . 2 . . . Max Gunslinging Chain 1 | . 1 . . . Shots Hit Robots 48 | . 36 12 . . Core Hits 26 | . 16 5 . 5 Critical Kills 1 | . 1 . . . Critical Parts Destroyed . | . . . . . Critical Strikes 1 | . 1 . . . Destroy 1 | . 1 . . . Melee Attacks . | . . . . . Impact . | . . . . . Slashing . | . . . . . Piercing . | . . . . . Sneak Attacks . | . . . . . Combat Hostiles . | . . . . . Follow-up Attacks . | . . . . . Damage Inflicted 881 | . 428 122 . 331 Guns 550 | . 428 122 . . Cannons . | . . . . . Explosions 331 | . . . . 331 Melee . | . . . . . Ramming . | . . . . . Kinetic 489 | . 428 61 . . Thermal 392 | . . 61 . 331 Explosive . | . . . . . Electromagnetic . | . . . . . Impact . | . . . . . Slashing . | . . . . . Piercing . | . . . . . Highest Corruption 6 | . . . . 6 Average Corruption 6 | . . . . 6 Corruption Purged . | . . . . . Corruption Blocked . | . . . . . Overload Shots . | . . . . . Overflow Damage . | . . . . . Projectiles . | . . . . . Explosions . | . . . . . Melee . | . . . . . Knockbacks . | . . . . . Impact . | . . . . . Kinetic . | . . . . . Secondary . | . . . . . Self-Inflicted Damage 169 | . . . . 169 Shots 3 | . . . . 3 Rammed . | . . . . . Targets Rammed . | . . . . . Kicked . | . . . . . Crushed . | . . . . . Highest Temperature 189 | . 24 189 . 75 Average Temperature 48 | . 8 101 . 40 Received Heat Transfer 497 | . 252 105 . 140 Siege Activations . | . . . . . Robots Corrupted . | . . . . . Combat Hostiles . | . . . . . Parts Fried . | . . . . . Impact Corruptions . | . . . . . Robots Melted . | . . . . . Combat Hostiles . | . . . . . Parts Melted . | . . . . . Heat Transferred 470 | . . 150 . 320 Parts Sabotaged . | . . . . . Parts Stolen . | . . . . . Parts Stripped . | . . . . . Power Chain Reactions . | . . . . . Alert | -11 -10 -10 -10 -9 ------- Run | Yrd Mat Min Exi Min Peak Influence 205 | . 205 129 . 13 Initial 79 | . . 79 . . Average 83 | . 101 124 . 2 Maximum Alert Level 1 | . 1 . . . Low Security (%) 86 | 100 74 100 . 100 Level 1 13 | . 25 . . . Level 2 . | . . . . . Level 3 . | . . . . . Level 4 . | . . . . . Level 5 . | . . . . . High Security . | . . . . . Max Security . | . . . . . Squads Dispatched 1 | . 1 . . . Investigation . | . . . . . Extermination . | . . . . . Reinforcement 1 | . 1 . . . Assault . | . . . . . Garrison . | . . . . . Intercept . | . . . . . Searches Triggered . | . . . . . Construction Impeded . | . . . . . Haulers Reinforced . | . . . . . Active Scanning Responses . | . . . . . Cargo Convoy Interrupts . | . . . . . Stealth | -11 -10 -10 -10 -9 --------- Run | Yrd Mat Min Exi Min Distress Signals 1 | . 1 . . . Communications Jammed . | . . . . . Distress Signals . | . . . . . Times Spotted 28 | . 17 2 . 9 Peak Tracking Total 11 | . 9 2 . 11 Tactical Retreats . | . . . . . Traps | -11 -10 -10 -10 -9 ------- Run | Yrd Mat Min Exi Min Traps Triggered . | . . . . . Indirectly . | . . . . . Trap Hack Attempts . | . . . . . Triggered . | . . . . . Disarmed . | . . . . . Reprogrammed . | . . . . . Reused . | . . . . . Traps Extracted . | . . . . . Installed . | . . . . . Triggered . | . . . . . Machines | -11 -10 -10 -10 -9 ---------- Run | Yrd Mat Min Exi Min Machines Disabled . | . . . . . Max in Single Turn . | . . . . . Machines Repaired . | . . . . . Machines Dismantled . | . . . . . Machines Sabotaged . | . . . . . Overloaded Fab Kills . | . . . . . Hacking | -11 -10 -10 -10 -9 --------- Run | Yrd Mat Min Exi Min Machines Accessed 3 | . 3 . . . Terminals 3 | . 3 . . . Fabricators . | . . . . . Repair Stations . | . . . . . Recycling Units . | . . . . . Scanalyzers . | . . . . . Garrison Access . | . . . . . Total Hacks 5 | . 5 . . . Successful 1 | . 1 . . . Failed 4 | . 4 . . . Catastrophic . | . . . . . Database Lockouts . | . . . . . Manual 2 | . 1 . 1 . Terminals 5 | . 5 . . . Fabricators . | . . . . . Repair Stations . | . . . . . Recycling Units . | . . . . . Scanalyzers . | . . . . . Garrison Access . | . . . . . Terminal Hacks 1 | . 1 . . . Alert Level 1 | . 1 . . . Fabricator Hacks . | . . . . . Repair Station Hacks . | . . . . . Recycling Unit Hacks . | . . . . . Scanalyzer . | . . . . . Garrison Access Hacks . | . . . . . Unauthorized Hacks . | . . . . . Terminals . | . . . . . Fabricators . | . . . . . Repair Stations . | . . . . . Recycling Units . | . . . . . Scanalyzers . | . . . . . Garrison Access . | . . . . . Data Cores Recovered . | . . . . . Used . | . . . . . Hacking Detections 3 | . 3 . . . Full Trace Events . | . . . . . Feedback Events . | . . . . . Feedback Blocked . | . . . . . Robot Schematics Acquired . | . . . . . Robots Built . | . . . . . Authchips . | . . . . . Time . | . . . . . Total Robot Build Rating . | . . . . . Part Schematics Acquired . | . . . . . Parts Built . | . . . . . Authchips . | . . . . . Time . | . . . . . Total Part Build Rating . | . . . . . Parts Repaired . | . . . . . Time . | . . . . . Parts Recycled . | . . . . . Recycled Matter . | . . . . . Retrieved Matter . | . . . . . Retrieved Components . | . . . . . Parts Scanalyzed . | . . . . . Part Schematics Acquired . | . . . . . Parts Damaged . | . . . . . Bothacking | -11 -10 -10 -10 -9 ------------ Run | Yrd Mat Min Exi Min Used RIF Installer . | . . . . . Robots Hacked . | . . . . . Non-combat . | . . . . . Combat . | . . . . . Robot Hacks Applied . | . . . . . Relay Couplers Released . | . . . . . Fabnet Peak Effective % . | . . . . . Robots Rewired . | . . . . . Allies Hacked . | . . . . . Hacks Repelled . | . . . . . Allies | -11 -10 -10 -10 -9 -------- Run | Yrd Mat Min Exi Min Total Allies 3 | . . . . 3 Largest Group 3 | . . . . 3 Highest-Rated Group 40 | . . . . 40 Highest-Rated Ally 16 | . . . . 16 Total Orders . | . . . . . Ally Attacks 12 | . . . . 12 Total Damage 77 | . . . . 77 Kills 1 | . . . . 1 Allies Corrupted . | . . . . . Allies Melted . | . . . . . Intel | -11 -10 -10 -10 -9 ------- Run | Yrd Mat Min Exi Min Robot Analysis Total . | . . . . . Derelict Logs Recovered . | . . . . . Drone Launches . | . . . . . Drone Recoveries . | . . . . . Exploration | -11 -10 -10 -10 -9 ------------- Run | Yrd Mat Min Exi Min Turns Passed 1556 | 64 376 168 844 104 Spaces Moved 939 | 45 218 109 517 50 Core 25 | 22 3 . . . Treads 11 | . 11 . . . Legs 736 | . 60 109 517 50 Wheels 167 | 23 144 . . . Hover . | . . . . . Flight . | . . . . . Fastest Speed 50 | 50 100 120 120 190 Average Speed 142 | 104 110 120 160 190 Slowest Speed 250 | 200 250 120 190 190 Overloaded Moves . | . . . . . Propulsion Burnouts . | . . . . . Robots Hopped . | . . . . . Cave-ins Triggered . | . . . . . Exploration Rate (%) 38 | 4 40 33 90 23 Regions Visited 4 Branch Regions 3 Pre-discovered Areas . | . . . . . Known Exits Taken . | . . . . . Unknown Exits Taken 4 | 1 1 1 1 . Scrap Searched . | . . . . . Spaces Dug . | . . . . . Terrain Destroyed 25 | . . . . 25 Melee . | . . . . . Projectile 3 | . . . . 3 AOE 22 | . . . . 22 Terrain Rammed . | . . . . . Walls Destroyed . | . . . . . Machines Disabled . | . . . . . Actions | -11 -10 -10 -10 -9 --------- Run | Yrd Mat Min Exi Min Total 1089 | 62 303 133 537 54 Wait 31 | . 28 3 . . Move 935 | 44 217 108 516 50 Hop . | . . . . . Pick Up 37 | 12 12 6 7 . Fast Attach . | . . . . . Attach 19 | 6 8 2 2 1 Detach . | . . . . . Swap 6 | . 2 2 2 . Drop 19 | . 6 4 9 . Fire 41 | . 30 8 . 3 Melee . | . . . . . Ram . | . . . . . Kick . | . . . . . Crush . | . . . . . Escape Stasis . | . . . . . Rewire 1 | . . . 1 . Trap . | . . . . . Miscellaneous . | . . . . . Route ------- -11/Scrapyard -10/Materials -10/Mines -10/Exiles -9/Mines History --------- Turn | Location | Event 16 | -11/Scrapyard | Discovered new exit (range 14) 65 | -11/Scrapyard | Entered Materials 259 | -10/Materials | Discovered new exit (range 13) 299 | -10/Materials | Core integrity fell below 50% 303 | -10/Materials | Lost 4 parts (1p2n1w) 306 | -10/Materials | Build established: Mutant 441 | -10/Materials | Entered Mines 443 | -10/Mines | Met a Derelict bent on vengeance 513 | -10/Mines | Received a Rocket Launcher from a helpful Derelict 572 | -10/Mines | A weapon hastily lodged in a ceiling crevice suddenly fell to the ground 605 | -10/Mines | Deemed a non-threat by the Exiles lab entrance 605 | -10/Mines | Discovered new exit (range 5) 609 | -10/Mines | Entered Exiles 638 | -10/Exiles | Met 8R-AWN 657 | -10/Exiles | Met EX-HEX 729 | -10/Exiles | Met EX-DEC 766 | -10/Exiles | Build established: Scavenger-Mutant 782 | -10/Exiles | Met EX-BIN 814 | -10/Exiles | Aligned with FarCom system 816 | -10/Exiles | Given EX-Vault access code 846 | -10/Exiles | Opened EX-Vault 858 | -10/Exiles | Found Prototype Processor 859 | -10/Exiles | Identified Modified TNC 871 | -10/Exiles | Found Prototype Device 872 | -10/Exiles | Identified Skeleton Box 883 | -10/Exiles | Found Prototype Energy Cannon 885 | -10/Exiles | Identified YOLO Cannon 945 | -10/Exiles | Warned to stay clear of 0b10 Research branches 1064 | -10/Exiles | Visited The Gauntlet 1159 | -10/Exiles | Build established: Mutant 1432 | -10/Exiles | Discovered new exit (range 12) 1453 | -10/Exiles | Left Exiles lab with YOLO Cannon 1453 | -10/Exiles | Entered Mines 1488 | -9/Mines | Assisted by bots powering up and referring to "LRC-V3" 1511 | -9/Mines | Assembled infested the area 1516 | -9/Mines | Assisted by a Guerilla fighting off Assembled 1540 | -9/Mines | Core integrity fell below 20% 1557 | -9/Mines | Destroyed self with YOLO Cannon Last Messages --------------- command?" ALERT: Infestation in the mines, dispatching Demolisher response squad. Trooper 2b destroyed. Trooper 2a destroyed. Mercenary 2a knocked back. Mercenary 2a destroyed. as-53095 destroyed. as-45464 destroyed. Knocked back. Ion Engine destroyed. Aluminum Leg destroyed. System corrupted by crushing effect (+1). System corrupted by crushing effect (+5). Knocked back. Critical hit (Burn: +80). as-70133 destroyed. as-09070 destroyed. as-80595 destroyed. as-48856 destroyed. Map ----- +----------------------------------------------------+ | ?????????????????????? ! ! #???????? | | ??????????????????????? ! ????????? | | ????????????????????????# ??????????? | | ?????????????????????????# ##??????????? | | ??????????#####?########## ##?????????? | | ?????????## ### #?????????? | | ?????????# ## #?????????? | | ?????????# ## ### ### ##?????????? | | ??#??????# # #?# #### ##??????????? | | ?## ???## ! # ### #######???????????? | | ## ### =[## ##???????????????? | | # %[ " #???????????????? | | # %= * #???????????????? | | % #???????????????? | | % #???????????????? | | # " %% #???????????????? | | ?????# "" " ;#???????????????? | | ?????????## """"" ;#???????????????? | | ?????????????#####" ##??????????????? | | ??????????????????#" #####??????????? | | ??????????????????## ##?????????? | | ???????????????????##### a #?????????? | | ???????????????????????## ##????????? | | ???????????????????????## #????????? | | ???????????????????????#; #????????? | | ????????????????????????#@ ##????????? | | ????????????????????????# ##?????????? | | ????????????????????????# ###??????????? | | ????????????????????????## #????????????? | | ??????????????????????????# #????????????? | | ??????????????????????????? #????????????? | | ??????????????????????????? #????????????? | | ??????????????????????????? ????????????? | | ??????????????????????????? ???????????? | | ??????????????????????????? ???????????? | | ???????????????????????????? ##??????????? | | ???????????????????????????? ##???????????? | | ?????????????????????????????#????????????? | | ??????????????????????????????????????????? | | ????????????????g?????????????????????????? | | ??????????????????????????????????????????? | | ??????????????????????????????????????????? | | ??????????????????????????????????????????? | | ??????????????????????????????????????????? | | ??????????????????????????????????????????? | | ??????????????????????????????????????????? | | ??????????????????????????????????????????? | | ??????????????????????????????????????????? | | ??????????????????????????????????????????? | | ??????????????????????????????????????????? | +----------------------------------------------------+ Best States ------------- Heat Dissipation 25 Energy Generation 14 Energy Capacity 250 Matter Stores 500 Matter Capacity 500 Sight Range 16 Terrain Scan Density 10 Evasion (%) 55 Recoil Reduction 2 Item Schematics ----------------- None Robot Schematics ------------------ None Fabricated ------------ Nothing Alien Tech Used ----------------- None Achievements -------------- None Challenges ------------ None Game ------ Seed PlatingDefenseChainsword Manual? 0 Play Time 00:19:07 Cumulative 17.7 hours Start 2024.12.26 @ 18:25:43 End 2024.12.26 @ 18:44:05 Sessions 1 Manual Loads 0 Difficulty Rogue Special Mode None Game No. 32 Rogue 32 Adventurer 0 Explorer 0 Win Type - Total 0 Types 0/0/0/0/0/0/0/0/0 Lore% 12 Gallery% 22 Achievement% 18 Wizard Run 0 Options --------- Layout 1 ASCII 0 Keyboard 0 Movement Mouse Keybinds 0 Fullscreen 1 Font 24/Smallcaps Map View 50x35 Zoom Use 0% Tactical HUD 0 Map Filters NONE Filters NONE Steam 1 RUN: 25a909c9-6ea3-4179-b344-9f90ed5675e8